 Dungeon Crawl Stone Soup version 0.31.0-9-g3a7656b989 (webtiles) character file.

Game seed: 14504862353968975945

133 qw the Shooter (level 4, -1/23 HPs)
             Began as a Spriggan Hunter on Feb 2, 2024.
             Killed from afar by a white imp (7 damage)
             ... with a puff of frost
             ... summoned by Eustachio
             ... on level 4 of the Dungeon.
             The game lasted 00:00:06 (1404 turns).

qw the Shooter (Spriggan Hunter)                    Turns: 1404, Time: 00:00:07

Health: -1/23      AC:  2    Str:  7      XL:     4   Next: 93%
Magic:  5/5        EV: 20    Int: 10      God:
Gold:   177        SH:  0    Dex: 19 (20) Spells: 3/3 levels left

rFire   . . .        a - +0 shortbow
rCold   . . .        (shield currently unavailable)
rNeg    . . .        c - +0 robe
rPois   .            (helmet restricted)
rElec   .            (no cloak)
rCorr   .            (gloves unavailable)
SInv    +            (boots unavailable)
Will    .....        (no amulet)
Stlth   ++           (no ring)
HPRegen 0.23/turn    (no ring)
MPRegen 0.09/turn

%: no passive effects
@: very quick
A: very small, no large weapons, unfitting armour, see invisible, speed 3
a: no special abilities


You were on level 4 of the Dungeon.
You visited 1 branch of the dungeon, and saw 3 of its levels.

You collected 177 gold pieces.


Innate Abilities, Weirdness & Mutations

You are very small and have problems with some larger weapons.
You are too small for most types of armour.
You have supernaturally acute eyesight. (SInv)
You cover ground extremely quickly. (Speed+++)


   Skills:
 + Level 1.7 Fighting
 - Level 5.2 Ranged Weapons
 - Level 5.0 Dodging
 - Level 1.5 Stealth


You had 3 spell levels left.
You didn't know any spells.
Your spell library was empty.

Inventory:

Hand Weapons
 a - a +0 shortbow (weapon)
Armour
 c - a +0 robe (worn)
Scrolls
 f - a scroll of vulnerability {unknown}
 g - a scroll of revelation {unknown}
 h - a scroll of acquirement {unknown}
 i - a scroll of teleportation {unknown}
Potions
 b - a potion of attraction {unknown}
 d - a potion of enlightenment
 e - a potion of degeneration {unknown}
 j - a potion of curing {unknown}

Dungeon Overview and Level Annotations

Branches:
Dungeon (2/15)

Altars:

Annotations:
D:4 Eustachio


Message History

Eustachio mumbles some strange words.
Eustachio blinks!
The quasit completely misses you.
The quasit claws you but does no damage.
The quasit misses you. The crimson imp barely misses you.
You shoot an arrow.
The arrow hits the quasit but does no damage.
The quasit barely misses you. The quasit completely misses you. x2
The rat barely misses you.
Eustachio mumbles some strange words.
The crimson imp completely misses you. The quasit closely misses you.
The quasit claws you. The quasit closely misses you.
You shoot an arrow. The arrow hits the quasit.
The quasit is lightly wounded.
The rat disappears in a puff of smoke!
The bat barely misses you. The crimson imp misses you.
The quasit closely misses you. The quasit claws you. The quasit misses you.
Eustachio gestures wildly while chanting.
Eustachio blinks!
You shoot an arrow. The arrow barely misses the quasit.
The crimson imp disappears in a puff of smoke!
The bat completely misses you. The quasit bites you.
You feel clumsy. The quasit completely misses you. The quasit misses you.
The white imp closely misses you.
The quasit bites you but does no damage.
The quasit misses you. The quasit closely misses you.
The quokka closely misses you.
You shoot an arrow. The arrow hits the quasit!
The quasit is severely wounded.
The white imp completely misses you. The quasit completely misses you.
The quasit closely misses you. The quasit misses you.
The quokka closely misses you.
The white imp hits you but does no damage.
You shoot an arrow. The arrow hits the quasit.
You kill the quasit!
The quasit disappears in a puff of smoke!
The quokka closely misses you. The white imp gestures at you.
The puff of frost hits you!
You die...

.....## ##....#
......# #.....#
......## ##.....#
.......## ##......#
........###.......#
..................#
...........##.bb..#
..........####rr5@#
..........# ###@##
..........# ###
.........##
.....[...#
.....##...


You could see Eustachio, a river rat (summoned), a white imp (summoned), a
quokka (summoned) and 2 bats.

Vanquished Creatures
  A hound (D:2)
  Jessica (D:2)
  An adder (D:2)
  2 ribbon worms (D:2)
  3 dart slugs
  4 ball pythons
  6 endoplasms
  3 giant cockroaches
  5 goblins
  4 hobgoblins
  2 jackals (D:2)
  3 quokkas
  7 bats
  A frilled lizard (D:1)
  3 kobolds
  7 rats (D:1)
53 creatures vanquished.

Notes
Turn   | Place    | Note
-------+----------+-------------------------------------------
     0 | D:1      | qw the Spriggan Hunter began the quest for the Orb.
     0 | D:1      | Reached XP level 1. HP: 10/10 MP: 2/2
     0 | D:1      | 0 ||| qw: Version: 0.3-a-155-g5e7d8dd
     0 | D:1      | 0 ||| qw: Game counter: 970
     0 | D:1      | 0 ||| qw: Melee chars always use a shield: true
     0 | D:1      | 0 ||| qw: God list: Okawaru
     0 | D:1      | 0 ||| qw: Allow faded altars: false
     0 | D:1      | 0 ||| qw: Do Orc after clearing Dungeon:15 true
     0 | D:1      | 0 ||| qw: Do second Lair branch before Depths: true
     0 | D:1      | 0 ||| qw: Lair rune preference: random
     0 | D:1      | 0 ||| qw: Goals: Normal
     0 | D:1      | 0 ||| PLANNING D:1-11
    32 | D:1      | Reached skill level 3 in Dodging
   109 | D:1      | Reached XP level 2. HP: 14/14 MP: 3/3
   393 | D:1      | Reached XP level 3. HP: 18/18 MP: 4/4
   406 | D:1      | Found a faded altar of an unknown god.
   609 | D:1      | 609 ||| READING scroll labelled OMIAH QEGOYGOSM.
   609 | D:1      | 609 ||| IDENTIFYING ruby potion
   610 | D:1      | 610 ||| DRINKING 3 bubbling cyan potions.
   715 | D:1      | 715 ||| DROPPING scroll of butterflies.
   716 | D:1      | 716 ||| DROPPING 2 potions of berserk rage.
   973 | D:2      | Noticed Jessica
   979 | D:2      | Killed Jessica
   980 | D:2      | Reached XP level 4. HP: 20/22 MP: 5/5
  1356 | D:2      | You fall into a shaft and drop 2 floors!
  1366 | D:4      | Noticed Eustachio
  1377 | D:4      | 1377 ||| RETREEEEATING.
  1378 | D:4      | 1378 ||| RETREEEEATING.
  1379 | D:4      | 1379 ||| RETREEEEATING.
  1380 | D:4      | 1380 ||| RETREEEEATING.
  1381 | D:4      | 1381 ||| RETREEEEATING.
  1382 | D:4      | 1382 ||| RETREEEEATING.
  1402 | D:4      | HP: 5/23 [quasit[Eustachio] (1)]
  1404 | D:4      | Killed from afar by a white imp

Levels and vault maps discovered:
D:1:      dpeg_arrival_pond, layout_loops_ring,
          nicolae_ecumenical_snake_handling
D:2:      layout_loops_ring, uniq_jessica
D:4:      layout_cave_pods, nicolae_vehumet_radiance, serial_shops, shop,
          minmay_misc_feat_diagonals, chequers_serial_rivers_micro_c,
          serial_library_regret_index_multi, uniq_eustachio

Skill      XL: |  1  2  3  4 |
---------------+-------------+-----
Dodging        | 3 4 5 |  5.0
Ranged Weapons | 5 |  5.2
Fighting       | |  1.7
Stealth        | |  1.5

Action                     |  1- 3 |  4- 6 || total
---------------------------+-------+-------++-------
   Fire: Shortbow          |   100 |    71 ||   171
    Use: Scroll            |     1 |       ||     1
         Potion            |     1 |       ||     1
 Armour: Robe              |     9 |    30 ||    39
  Dodge: Dodged            |    30 |    94 ||   124

Table legend:
 A = Non-vault XP
 B = Vault XP
 C = Vault XP percentage of total XP
 D = Non-vault monster count
 E = Vault monster count
 F = Vault count percentage of total count
                 A         B        C        D         E       F
            +---------+---------+-------+---------+---------+-------
      Total |     151 |      39 |  20.5 |      51 |       2 |   3.8
            +---------+---------+-------+---------+---------+-------
        D:1 |      48 |       2 |   4.0 |      29 |       1 |   3.3
        D:2 |     101 |      37 |  26.8 |      21 |       1 |   4.5
        D:4 |       2 |       0 |   0.0 |       1 |       0 |   0.0
            +---------+---------+-------+---------+---------+-------
